 Dungeon Crawl Stone Soup version 0.26.1 (webtiles) character file.

Game seed: 3024379154727225270

95 Gauvater the Firebug (level 4, -1/27 HPs)
             Began as an Octopode Fire Elementalist on Feb 7, 2021.
             Killed by divine providence
             ... invoked by an orc priest
              (11 damage)
             ... on level 3 of the Dungeon.
             The game lasted 00:14:39 (3310 turns).

Gauvater the Firebug (Octopode Fire Elementalist)   Turns: 3310, Time: 00:14:39

Health: -1/27      AC:  1    Str:  7    XL:     4   Next: 65%
Magic:  5/8        EV: 13    Int: 18    God:
Gold:   163        SH:  0    Dex: 12    Spells: 7/8 levels left

rFire    . . .     SeeInvis .   (no weapon)
rCold    . . .     Faith    .   (no shield)
rNeg     . . .     Spirit   .   (helmet restricted)
rPois    .         Reflect  .   (no amulet)
rElec    .         Harm     .   (no ring)
rCorr    .         Rampage  .   (no ring)
Will     .....                  (no ring)
Stlth    +++.......             (no ring)
HPRegen  0.09/turn              (no ring)
MPRegen  0.11/turn              (no ring)
                                (no ring)
                                (no ring)

@: no status effects
A: almost no armour, stealthy swim, amphibious, 8 rings, constrict 8, camouflage
1, gelatinous body 1
a: no special abilities


You were on level 3 of the Dungeon.
You visited 1 branch of the dungeon, and saw 3 of its levels.

You collected 163 gold pieces.

Inventory:

Missiles
 c - 67 arrows
 j - 21 bolts
Wands
 m - a wand of flame (18)
Scrolls
 a - 2 scrolls of teleportation {unknown}
 b - a scroll of blinking {unknown}
 d - 2 scrolls of remove curse {unknown}
 e - a scroll of random uselessness {unknown}
 h - 2 scrolls of identify {unknown}
 l - 2 scrolls of amnesia {unknown}
 n - a scroll of enchant weapon {unknown}
Potions
 f - 2 potions of berserk rage {unknown}
 g - a potion of magic {unknown}
 i - a potion of curing {unknown}
 k - a potion of heal wounds {unknown}
 o - a potion of flight {unknown}
 p - a potion of degeneration {unknown}


   Skills:
 + Level 2.3 Dodging
 + Level 3.3 Stealth
 + Level 0.2 Unarmed Combat
 + Level 2.9 Spellcasting
 + Level 1.7 Conjurations
 + Level 3.9 Fire Magic


You had 7 spell levels left.
You knew the following spells:

 Your Spells              Type           Power        Failure   Level
a - Foxfire               Conj/Fire      48%          5%          1

Your spell library contained the following spells:

 Spells                   Type           Power        Failure   Level
 Conjure Flame            Conj/Fire      12%          16%         3
 Inner Flame              Hex/Fire       9%           22%         3
 Sticky Flame             Conj/Fire      12%          45%         4
 Fireball                 Conj/Fire      6%           82%         5


Dungeon Overview and Level Annotations

Branches:
Dungeon (3/15)

Altars:


Innate Abilities, Weirdness & Mutations

You cannot wear most types of armour.
You are very stealthy in the water. (Stealth+)
You are amphibious.
You can wear up to eight rings at the same time.
You can use your tentacles to constrict eight enemies at once.
Your skin changes colour to match your surroundings (Stealth+).
Your rubbery body absorbs attacks. (AC +1, EV +1)


Message History

You miscast Foxfire.
Nothing appears to happen.
The orc priest hits you with a +0 club! The orc priest barely misses you.
The orc priest invokes the aid of Beogh against you.
Beogh smites you!
Your magical contamination has completely faded away.
Casting: Foxfire (safe; 6% risk of failure)
Confirm with . or Enter, or press ? or * to list all spells.
You conjure some foxfire!
The foxfire hits the orc priest.
The orc priest is almost dead.
You tentacle-slap the orc priest. You grab the orc priest.
You squeeze the orc priest.
You kill the orc priest!
The foxfire hits the bat.
The bat is moderately wounded.
The bat closely misses you. The bat closely misses you.
The orc priest mumbles some strange prayers to Beogh against you.
Beogh smites you!
You die...

####### #...o.#
#o###.# #o#
#.############. #.#
#o..oo.....o...
#b################.
#.@......<..#
###########.# #.#
#.# #.# #.# #.# #.#
#.#


You could see an orc priest, an orc and a bat.

Vanquished Creatures
  An orc priest (D:3)
  An ooze (D:1)
  2 worms (D:2)
  3 dart slugs
  A leopard gecko (D:2)
  A bat (D:1)
  3 giant cockroaches
  4 goblins
  7 hobgoblins
  2 jackals (D:2)
  A ball python (D:3)
  4 frilled lizards
  8 kobolds
  12 rats
50 creatures vanquished.

Vanquished Creatures (others)
  149 foxfires
149 creatures vanquished.

Grand Total: 199 creatures vanquished

Notes
Turn   | Place    | Note
-------+----------+-------------------------------------------
     0 | D:1      | Gauvater the Octopode Fire Elementalist began the quest for
                  | the Orb.
     0 | D:1      | Reached XP level 1. HP: 11/11 MP: 3/3
   275 | D:1      | Reached XP level 2. HP: 17/17 MP: 1/5
  1004 | D:1      | Reached XP level 3. HP: 21/21 MP: 4/6
  2574 | D:2      | Reached XP level 4. HP: 17/27 MP: 0/7
  3310 | D:3      | Killed from afar by an orc priest

Illustrated notes

Levels and vault maps discovered:
D:1:      dpeg_arrival_shrine, layout_basic
D:2:      layout_basic
D:3:      layout_loops_ring

Skill      XL: |  1 |
---------------+----+-----
Stealth        | 3 |  3.3
Dodging        | |  2.3
Unarmed Combat | |  0.2
Spellcasting   | |  2.9
Conjurations   | |  1.7
Fire Magic     | |  3.9

Action                   |  1- 3 |  4- 6 || total
-------------------------+-------+-------++-------
Melee: Unarmed           |     4 |     2 ||     6
       Constrict         |     1 |     1 ||     2
       Tentacles         |       |     1 ||     1
 Cast: Foxfire           |    75 |    14 ||    89
  Use: Potion            |     1 |       ||     1
Armor: Skin              |     2 |       ||     2
Dodge: Dodged            |    31 |     3 ||    34
